Map: Acid Plant LE

Players

Michael

  • Race: Zerg Zerg
  • League: Gold
  • Spawn Location: 5:00

TheFox - Winner!

  • Race: Protoss Protoss
  • League: Gold
  • Spawn Location: 11:00

VOD

Have the link to the VOD?

Description

Time

  • Played on: Sept. 29, 2018, 4:32 a.m.
  • Length: 16:18
Show
View Real Time Build Order
Export as new Build Order

Michael Zerg 

Build Orders: Hatch First, Lurkers, Swarm Host 

Get SALT Encoding   

  12  0:01  Drone  
  13  0:12  Overlord  
  13  0:17  Drone  
  14  0:30  Drone  
  14  0:31  Drone  
  14  0:34  Drone  
  17  0:45  Drone  
  18  0:56  Hatchery  
  17  0:58  Drone  
  17  1:01  Extractor  
  17  1:15  Spawning Pool  
  17  1:17  Drone  
  17  1:21  Drone  
  18  1:38  Drone  
  18  1:39  Drone  
  20  2:02  Spine Crawler  
  20  2:03  Queen  
  20  2:05  Zergling x2  
  20  2:07  Zergling x2  
  23  2:11  Queen  
  24  2:31  Drone x2  
  24  2:35  Extractor, Roach Warren  
  24  2:37  Drone  
  24  2:40  Evolution Chamber  
  24  2:47  Queen  
  26  3:04  Drone x2  
  28  3:13  Overlord  
  28  3:14  Overlord x2  
  28  3:15  Overlord  
  25  3:48  Queen  
  27  3:50  Drone x5  
  27  3:54  Zergling x2  
  27  3:55  Zergling x2  
  34  3:56  Overlord  
  34  4:02  Lair  
  34  4:11  Spore Crawler  
  33  4:20  Overlord  
  33  4:25  Zerg Ground Armor Level 1  
  33  4:36  Drone  
  34  4:38  Drone  
  34  4:42  Drone  
  34  4:44  Hatchery, Drone  
  36  4:55  Drone x4  
  36  4:56  Drone  
  41  5:03  Glial Reconstitution  
  41  5:09  Drone x3  
  41  5:12  Drone x2  
  46  5:17  Extractor x2  
  46  5:20  Drone, Spore Crawler  
  44  5:22  Drone  
  44  5:24  Drone  
  46  5:36  Roach x3  
  46  5:37  Roach  
  46  5:40  Overlord  
  54  5:43  Overlord  
  54  5:47  Drone  
  54  5:49  Drone x2  
  57  6:01  Queen  
  57  6:03  Drone x4  
  63  6:13  Hydralisk Den  
  63  6:16  Spore Crawler  
  61  6:19  Metabolic Boost  
  61  6:22  Zerg Missile Weapons Level 1  
  61  6:24  Drone  
  61  6:25  Drone x2  
  64  6:29  Drone x2  
  64  6:30  Drone  
  64  6:31  Drone  
  68  6:33  Drone  
  68  6:36  Drone  
  70  6:44  Pneumatized Carapace  
  70  6:59  Drone x7  
  77  7:02  Extractor  
  77  7:04  Extractor, Spore Crawler  
  77  7:05  Spine Crawler  
  77  7:07  Hydralisk, Spore Crawler  
  77  7:08  Hydralisk  
  76  7:10  Hydralisk  
  76  7:13  Hydralisk  
  80  7:18  Drone  
  80  7:19  Drone  
  80  7:22  Overlord x2  
  82  7:43  Overlord  
  82  7:44  Overlord  
  82  7:51  Hatchery  
  82  7:54  Muscular Augments, Infestation Pit  
  82  7:56  Tunneling Claws  
  82  7:58  Burrow  
  80  7:59  Queen  
  80  8:00  Queen  
  84  8:05  Overlord  
  84  8:19  Hydralisk x7  
  90  8:22  Zergling x6  
  101  8:36  Queen  
  103  8:44  Roach x8  
  103  8:45  Overlord  
  103  8:48  Overlord  
  119  8:51  Overlord  
  119  9:01  Drone x3  
  122  9:04  Drone x7  
  122  9:08  Grooved Spines  
  129  9:13  Hive  
  129  9:17  Drone x3  
  129  9:20  Drone  
  129  9:22  Queen  
  135  9:28  Swarm Host x2  
  135  9:30  Swarm Host  
  144  9:55  Overlord x3  
  144  9:56  Overlord x4  
  144  10:26  Hydralisk x5  
  144  10:27  Hydralisk x14  
  182  10:30  Swarm Host  
  182  10:31  Swarm Host  
  188  10:56  Zerg Missile Weapons Level 2  
  188  11:12  Hydralisk x6  
  188  11:13  Lurker Den  
  195  11:30  Hydralisk x4  
  195  11:31  Hydralisk x4  
  195  11:48  Hatchery, Lair  
  195  11:50  Overlord  
  195  11:52  Spore Crawler x2  
  192  12:07  Zergling x2  
  197  12:08  Zergling x10  
  197  12:09  Zergling x2  
  195  12:32  Hydralisk x2  
  111  13:56  Queen  
  113  14:14  Lurker x6  
  113  14:15  Lurker x4  
  123  14:55  Drone x2  
  123  14:56  Drone x5  
  123  14:57  Drone  
Show
View Real Time Build Order
Export as new Build Order

TheFox Protoss - Winner!

Build Orders:  

Get SALT Encoding   

  12  0:01  Probe  
  13  0:13  Probe  
  14  0:19  Pylon  
  14  0:24  Pylon  
  14  0:26  Probe  
  15  0:45  Probe  
  16  0:53  Probe  
  16  1:02  Probe  
  16  1:04  Forge  
  18  1:14  Probe  
  19  1:21  Pylon  
  19  1:23  Probe  
  19  1:31  Probe  
  20  1:37  Nexus  
  21  1:47  Photon Cannon  
  21  1:57  Pylon  
  21  2:09  Photon Cannon  
  20  2:19  Probe  
  21  2:27  Photon Cannon  
  21  2:31  Pylon  
  21  2:51  Gateway  
  21  2:53  Gateway  
  20  3:00  Photon Cannon  
  20  3:06  Pylon  
  20  3:22  Probe x2  
  20  3:25  Assimilator  
  20  3:26  Assimilator  
  22  3:31  Probe  
  22  3:34  Probe  
  22  3:40  Probe  
  24  3:43  Cybernetics Core  
  24  3:46  Probe  
  24  3:47  Photon Cannon  
  26  3:49  Probe  
  26  3:52  Gateway  
  27  3:58  Probe  
  27  3:59  Pylon  
  28  4:03  Zealot  
  28  4:07  Zealot  
  33  4:10  Probe  
  33  4:18  Probe  
  33  4:20  Warp Gate  
  33  4:22  Probe  
  35  4:30  Stalker  
  37  4:48  Photon Cannon  
  37  4:57  Probe x2  
  39  5:09  Probe x2  
  39  5:11  Nexus  
  41  5:21  Probe  
  42  5:26  Stalker  
  44  5:29  Probe  
  44  5:33  Probe  
  46  5:41  Probe  
  47  5:45  Probe  
  47  5:48  Nexus  
  48  5:53  Probe, Pylon  
  48  5:55  Pylon  
  49  5:57  Probe  
  49  6:00  Adept  
  52  6:11  Pylon  
  52  6:13  Pylon  
  52  6:15  Photon Cannon  
  52  6:18  Gateway  
  52  6:21  Pylon  
  52  6:23  Pylon  
  52  6:26  Probe  
  52  6:32  Probe x2  
  55  6:38  Probe  
  56  6:42  Pylon  
  56  6:44  Probe x2  
  56  6:45  Photon Cannon  
  58  6:50  Probe  
  58  6:51  Gateway  
  59  6:56  Probe x2  
  59  6:59  Photon Cannon  
  61  7:01  Photon Cannon  
  61  7:02  Probe  
  61  7:04  Probe  
  63  7:08  Probe x2  
  65  7:20  Photon Cannon  
  65  7:21  Photon Cannon, Assimilator x2  
  65  7:22  Photon Cannon  
  65  7:28  Twilight Council  
  65  7:33  Probe x3  
  65  7:34  Pylon  
  68  7:38  Pylon x2  
  68  7:45  Probe  
  68  7:46  Probe x2  
  71  7:54  Stargate  
  71  7:56  Stargate  
  71  7:57  Probe  
  71  7:58  Stargate  
  72  7:59  Stargate  
  72  8:10  Probe x2  
  72  8:11  Probe  
  76  8:16  Charge  
  75  8:21  Templar Archives  
  75  8:28  Gateway  
  75  8:29  Gateway  
  75  8:31  Photon Cannon, Gateway  
  75  8:36  Pylon  
  75  8:38  Probe, Pylon x2  
  76  8:43  Void Ray x3  
  76  8:48  Assimilator x2  
  88  8:50  Probe  
  89  9:02  Probe  
  90  9:12  Protoss Air Weapons Level 1  
  90  9:13  Probe x2  
  90  9:14  Probe  
  93  9:18  Void Ray  
  97  9:25  Probe x2  
  97  9:26  Zealot x3, Void Ray x2, Probe  
  97  9:27  Zealot x2  
  97  9:30  Void Ray  
  122  9:37  Probe x2  
  124  9:43  Photon Cannon  
  124  9:44  Photon Cannon  
  124  9:49  Probe  
  124  9:50  Pylon  
  124  9:52  Pylon  
  125  9:53  Pylon  
  125  9:55  Assimilator  
  125  9:56  Assimilator  
  125  10:02  Photon Cannon  
  125  10:03  Photon Cannon  
  125  10:04  Photon Cannon  
  125  10:07  Shield Battery  
  125  10:10  Gateway  
  125  10:13  Gateway  
  125  10:18  Gateway  
  125  10:19  Gateway  
  125  10:31  Gateway  
  125  10:33  Photon Cannon  
  125  10:36  Shield Battery  
  125  10:43  Void Ray x4  
  141  10:50  Zealot x2  
  141  10:51  Zealot x3  
  141  10:52  Zealot x3  
  153  11:26  Void Ray  
  135  11:46  Zealot x3  
  141  11:47  Fleet Beacon, Zealot x5  
  151  12:22  High Templar x4  
  153  12:23  High Templar x6  
  153  12:26  Carrier x2  
  153  12:27  Carrier x2  
  164  12:31  Archon x4  
  164  12:32  Archon  
  149  13:15  Zealot x4  
  149  13:16  Zealot x5  
  142  13:41  Zealot x4  
  106  13:42  Zealot x5  
  110  13:48  Tempest  
  110  13:53  Tempest  
  110  13:54  Tempest x2  
  134  14:02  Zealot x3  
  136  14:03  Zealot  
  136  14:04  Zealot x4  
  136  14:05  Zealot  
  148  14:15  Pylon  
  148  14:16  Pylon  
  148  14:17  Pylon  
  148  14:18  Pylon  
  148  14:20  Pylon  
  148  14:23  Pylon  
  148  14:24  Pylon  
  148  14:27  Tempest  
  148  14:36  Tempest  
  160  14:54  Tempest  
  160  14:55  Tempest  
  170  15:22  Cybernetics Core  
  130  15:59  Zealot x6  
  130  16:00  Zealot x2  
Tags
 
League
GoldGold
Matchup
PvZ
Spawn Locations
Cross Positions
Add a new tag
Caveats
  • Supply blocks, unpowered buildings, or Contaminate may cause inaccurate times.
  • Supply counts are checked every 10 seconds.